 Dungeon Crawl Stone Soup version 0.28-a0-938-gbc3f381ebc (webtiles) character file.

Game seed: 3826858352606501619

2332 horus123 the Chiller (level 9, -1/72 HPs)
             Began as a Hill Orc Fighter on Nov 29, 2021.
             Was an Initiate of Beogh.
             Killed from afar by a steam dragon (21 damage)
             ... with a ball of steam
             ... on level 7 of the Dungeon on Nov 30, 2021.
             The game lasted 00:16:59 (9618 turns).

horus123 the Chiller (Hill Orc Fighter)             Turns: 9618, Time: 00:17:00

Health: -1/72      AC: 10    Str: 25    XL:     9   Next: 42%
Magic:  15/15      EV: 14    Int: 16    God:    Beogh [......]
Gold:   77         SH:  6    Dex: 15    Spells: 0/16 levels left

rFire   x . .      SeeInvis .   d - +2 war axe
rCold   + . .      Faith    .   c - +1 buckler
rNeg    . . .      Spirit   .   v - +5 robe of Bedevilment {Str+5}
rPois   .          Reflect  .   k - +0 helmet
rElec   .          Harm     .   e - +0 cloak
rCorr   .          Rampage  .   (no gloves)
Will    .....                   h - +0 pair of boots
Stlth   +.........              w - amulet of magic regeneration
HPRegen 0.22/turn               g - ring of ice
MPRegen 0.54/turn               u - ring "Aphis" {Drain Int+6 Dex+5}

@: no status effects
A: no striking features
a: Renounce Religion


You were on level 7 of the Dungeon.
You worshipped Beogh.
Beogh was noncommittal.
You visited 1 branch of the dungeon, and saw 7 of its levels.
You also visited: Ossuary.

You collected 552 gold pieces.
You spent 475 gold pieces at shops.

Inventory:

Hand Weapons
 a - a +0 war axe
 d - a +2 war axe (weapon)
Armour
 b - a +1 scale mail
 c - a +1 buckler (worn)
 e - a +0 cloak (worn)
 h - a +0 pair of boots (worn)
 k - a +0 helmet (worn)
 v - the +5 robe of Bedevilment (worn) {Str+5}
   (You bought it in a shop on level 3 of the Dungeon)

   Str:       It affects your strength (+5).
Jewellery
 g - a ring of ice (left hand)
 j - a ring of fire
 m - a +4 ring of evasion
 o - a ring of see invisible
 u - the ring "Aphis" (right hand) {Drain Int+6 Dex+5}
   (You found it on level 4 of the Dungeon)

   [ring of intelligence]

   Int:       It affects your intelligence (+6).
   Dex:       It affects your dexterity (+5).
   Drain:     It drains your maximum health when unequipped.
 w - an amulet of magic regeneration (around neck)
Wands
 x - a wand of digging (4)
Scrolls
 n - 2 scrolls of teleportation
 p - a scroll of fog
Potions
 f - 3 potions of brilliance
 i - a potion of invisibility {unknown}
 l - 5 potions of flight
 q - 2 potions of curing
 r - a potion of resistance
 s - a potion of mutation
 t - 2 potions of lignification {unknown}


   Skills:
 - Level 4.3 Fighting
 - Level 4.8 Axes
 - Level 3.8 Armour
 + Level 5.3 Dodging
 - Level 5.0 Shields
 - Level 4.2 Spellcasting
 - Level 6.0 Ice Magic


You couldn't memorise any spells.
You knew the following spells:

 Your Spells              Type           Power      Damage    Failure   Level
a - Ozocubu's Armour      Ice            34%        N/A       4%          3
b - Frozen Ramparts       Ice            68%        1d8       4%          3
c - Freeze                Ice            100%       1d11      1%          1
d - Hailstorm             Conj/Ice       19%        3d6       43%         4
e - Metabolic Englaciati  Hex/Ice        9%         N/A       78%         5

Your spell library contained the following spells:

 Spells                   Type           Power      Damage    Failure   Level
 Simulacrum               Ice/Necr       9%         N/A       100%        6


Dungeon Overview and Level Annotations

Branches:
Dungeon (7/15)             Temple (0/1) D:5         Ossuary (visited)

Altars:
Fedhas
Gozag
Makhleb
Qazlal
Sif Muna
Uskayaw
Xom

Shops:
D:3 [   D:6 [


Message History

Found a throwing net.
The steam dragon breathes steam at you. The ball of steam hits you!
The steam scalds you terribly!
No target in view!
No target in view!
You slash the steam dragon!
The steam dragon is heavily wounded.
The steam dragon bites you but does no damage.
You block the steam dragon's attack.
You hit the steam dragon.
The steam dragon is heavily wounded.
You are engulfed in a cloud of scalding steam.
The steam dragon barely misses you. The steam dragon claws you.
You hit the steam dragon but do no damage.
The steam dragon is heavily wounded.
You are engulfed in a cloud of scalding steam.
The steam dragon breathes steam at you. The ball of steam hits you!!
The steam scalds you terribly!
* * * LOW HITPOINT WARNING * * *
You hit the steam dragon but do no damage.
The steam dragon is heavily wounded.
The steam dragon bites you.
* * * LOW HITPOINT WARNING * * *
The steam dragon misses you. The steam dragon closely misses you.
The steam dragon claws you but does no damage.
You feel better.
The steam dragon bites you but does no damage.
The steam dragon claws you.
* * * LOW HITPOINT WARNING * * *
You hit the steam dragon.
The steam dragon is severely wounded.
The steam dragon closely misses you.
The steam dragon claws you but does no damage.
You block the steam dragon's attack. The steam dragon closely misses you.
You hit the steam dragon.
The steam dragon is severely wounded.
The steam dragon breathes steam at you. The ball of steam hits you!!
The steam scalds you terribly!
You die...

############ #..........#
#..........# #..........#
#.<........# . #..........#
..####..........#####...
#......#'##....@.(.....
#....#..+....D.......
#....'..#............
#....####.......(....
#..............######
#..............#....#
#..............#....#
####..............##'###
.........#####.........#####


You could see a steam dragon (catching breath).

Vanquished Creatures
  A wraith (D:6)
  A wyvern (D:7)
  An orc warrior (D:7)
  2 ice beasts
  2 centaurs (D:5)
  An ogre (D:5)
  A phantom (D:5)
  A bullfrog (D:7)
  A wyvern skeleton (D:6)
  A water moccasin skeleton (D:2)
  5 wights (D:7)
  A vampire bat (D:3)
  An electric eel (D:6)
  A centaur zombie (D:5)
  6 hounds
  A jelly (D:6)
  An orc priest (D:3)
  Crazy Yiuf (D:6)
  2 bullfrog skeletons (D:5)
  3 iguanas
  Jessica (D:3)
  A gnoll shaman (D:4)
  2 orc wizards
  A hound zombie (D:3)
  8 mummies (Ossuary)
  Robin (D:2)
  11 gnolls
  4 adders
  2 worms
  A dart slug (D:2)
  3 fire bats (D:3)
  8 orcs
  2 spectral bats (D:3)
  3 bat skeletons (D:3)
  A bat zombie (D:3)
  11 endoplasms
  A giant cockroach (D:1)
  2 gnoll zombies (Ossuary)
  7 hobgoblins
  4 jackals (D:5)
  2 quokkas (D:3)
  4 ball pythons
  18 bats
  A bat simulacrum (D:3)
  4 frilled lizards
  14 goblins
  2 hobgoblin zombies (Ossuary)
  9 kobolds
  4 kobold zombies (Ossuary)
  7 rats
173 creatures vanquished.

Notes
Turn   | Place    | Note
-------+----------+-------------------------------------------
     0 | D:1      | horus123 the Hill Orc Fighter began the quest for the Orb.
     0 | D:1      | Reached XP level 1. HP: 19/19 MP: 1/1
    87 | D:1      | Found a faded altar of an unknown god.
   287 | D:1      | Reached XP level 2. HP: 27/27 MP: 2/2
   920 | D:2      | Reached XP level 3. HP: 22/33 MP: 3/3
  1197 | D:2      | Reached XP level 4. HP: 24/40 MP: 4/4
  2135 | D:2      | Learned a level 3 spell: Ozocubu's Armour
  2360 | D:2      | Noticed Robin
  2381 | D:2      | Killed Robin
  2382 | D:2      | Reached XP level 5. HP: 25/47 MP: 3/6
  2735 | D:3      | Reached skill level 1 in Spellcasting
  2843 | D:3      | Reached skill level 1 in Ice Magic
  3010 | D:3      | Learned a level 3 spell: Frozen Ramparts
  3030 | D:3      | Found Latoness's Armour Shop.
  3039 | D:3      | Reached skill level 2 in Ice Magic
  3070 | D:3      | Noticed Jessica
  3074 | D:3      | Killed Jessica
  3181 | D:3      | Reached XP level 6. HP: 53/53 MP: 7/7
  3188 | D:3      | Reached skill level 3 in Ice Magic
  3750 | D:3      | Reached skill level 4 in Ice Magic
  4240 | D:4      | Reached XP level 7. HP: 42/60 MP: 8/8
  4557 | D:4      | Reached skill level 5 in Ice Magic
  4823 | D:4      | Found a sand-covered staircase.
  4837 | Ossuary  | Entered an ossuary
  5021 | Ossuary  | Reached skill level 6 in Ice Magic
  5633 | D:4      | Identified the ring "Aphis" {Drain Int+6 Dex+5}
  5746 | D:5      | Entered Level 5 of the Dungeon
  5789 | D:5      | Found a staircase to the Ecumenical Temple.
  5883 | D:3      | Bought the +5 robe of Bedevilment {Str+5} for 475 gold
                  | pieces
  6039 | D:5      | Reached XP level 8. HP: 67/67 MP: 9/11
  6554 | D:5      | Reached skill level 1 in Dodging
  6674 | D:5      | Found a blossoming altar of Fedhas.
  6875 | D:6      | Learned a level 1 spell: Freeze
  7076 | D:6      | Found a shimmering blue altar of Sif Muna.
  7294 | D:6      | Found a shimmering altar of Xom.
  7530 | D:6      | Reached skill level 5 in Shields
  7824 | D:6      | Found a stormy altar of Qazlal.
  7854 | D:6      | Noticed a wraith
  7869 | D:6      | Killed a wraith
  7870 | D:6      | Reached XP level 9. HP: 46/72 MP: 15/15
  8051 | D:6      | Learned a level 4 spell: Hailstorm
  8057 | D:6      | Learned a level 5 spell: Metabolic Englaciation
  8150 | D:6      | Found Gykh's Antique Armour Shoppe.
  8258 | D:6      | Found a burning altar of Makhleb.
  8405 | D:6      | Found a runed translucent door.
  8406 | D:6      | Noticed Crazy Yiuf
  8472 | D:6      | Killed Crazy Yiuf
  9219 | D:7      | Found a hide-covered altar of Uskayaw.
  9221 | D:7      | Found an opulent altar of Gozag.
  9417 | D:7      | Reached skill level 5 in Dodging
  9471 | D:7      | Became a worshipper of Beogh the Brigand
  9618 | D:7      | Killed from afar by a steam dragon

Illustrated notes

Levels and vault maps discovered:
D:1:      co_arrival_random_square_maze, layout_loops_ring,
          dilly_ecumenical_altar_fadedgnrine, chequers_serial_rivers_small_3
D:2:      layout_basic, minmay_crystal_room, grunt_decor_arrowhead, uniq_robin
D:3:      layout_basic, serial_shops, nicolae_diamond_shop, st_stairs_10,
          goddamned_bats, uniq_jessica
D:4:      layout_loops_ring, enter_ossuary_1, hangedman_abyss_or_decor_stagger,
          minivault_19
D:5:      layout_basic, mainiacjoe_overflow_cross_hatched, temple_hall
D:6:      layout_loops_corners, mainiacjoe_overflow_catch_the_wave,
          grunt_qazlal_clouds, lightli_temple_of_fire, serial_shops, shop,
          uniq_crazy_yiuf_cottage
D:7:      layout_gridville, mainiacjoe_overflow_alcove_4,
          mainiacjoe_overflow_catwalk_spiral

Skill      XL: |  1  2  3  4  5  6  7  8  9 |
---------------+----------------------------+-----
Axes           | 3 4 |  4.8
Fighting       | 4 |  4.3
Spellcasting   | 1 2 4 |  4.2
Ice Magic      | 2 4 6 |  6.0
Dodging        | 2 5 |  5.3
Shields        | 5 |  5.0
Armour         | |  3.8

Action                   |  1- 3 |  4- 6 |  7- 9 || total
-------------------------+-------+-------+-------++-------
Melee: War axe           |    78 |   225 |   321 ||   624
 Cast: Frozen Ramparts   |       |       |     4 ||     4
       Ozocubu's Armour  |       |       |     3 ||     3
Invok: Convert to Beogh  |       |       |     1 ||     1
  Use: Scroll            |     2 |     3 |     7 ||    12
       Potion            |       |       |     6 ||     6
 Stab: Sleeping          |       |       |     1 ||     1
Armor: Scale mail        |    39 |   119 |    42 ||   200
       Robe              |       |       |    93 ||    93
Dodge: Dodged            |    40 |   153 |   214 ||   407
Block: Buckler           |    21 |    62 |    93 ||   176

Table legend: (Time is in decaauts)
 A = Elapsed time spent in this place.
 B = Non-inter-level travel time spent in this place.
 C = Inter-level travel time spent in this place.
 D = Time resting spent in this place.
 E = Time spent auto-exploring this place.
 F = Levels seen in this place.
 G = Mean time per level.
                   A        B        C        D        E       F      G
               +--------+--------+--------+--------+--------+-----+--------+
         Total |   9804 |   9441 |    363 |    786 |   6967 |   8 | 1225.5 |
       Dungeon |   9447 |   9084 |    363 |    786 |   6728 |   7 | 1349.6 |
       Ossuary |    357 |    357 |      0 |      0 |    239 |   1 |  357.0 |
               +--------+--------+--------+--------+--------+-----+--------+

Top non-repeatable levels by time:
     D:6: 1877 daAuts
     D:2: 1815 daAuts
     D:3: 1655 daAuts
     D:4: 1209 daAuts
     D:5: 1053 daAuts
     D:1: 921 daAuts
     D:7: 915 daAuts
 Ossuary: 357 daAuts
